 Dungeon Crawl Stone Soup version 0.30-a0-1018-g25214051b3 (webtiles) character file.

Game seed: 3505461554288365510

42 DeathPants the Insei (level 3, 0/27 HPs)
             Began as a Demonspawn Transmuter on Apr 7, 2023.
             Slain by a hobgoblin (2 damage)
             ... on level 3 of the Dungeon.
             The game lasted 00:03:10 (860 turns).

DeathPants the Insei (Demonspawn Transmuter)         Turns: 860, Time: 00:03:10

Health: 0/27       AC:  2    Str: 12    XL:     3   Next: 35%
Magic:  5/6        EV: 12    Int: 14    God:
Gold:   78         SH:  0    Dex: 13    Spells: 3/6 levels left

rFire   . . .      SeeInvis .      - Unarmed
rCold   . . .      Faith    .    (no shield)
rNeg    . . .      Spirit   .    a - +0 robe
rPois   .          Reflect  .    (helmet currently unavailable)
rElec   .          Rampage  .    (no cloak)
rCorr   .                        (no gloves)
Will    .....                    (boots currently unavailable)
Stlth   +                        (no amulet)
HPRegen 0.24/turn                (no ring)
MPRegen 0.10/turn                (no ring)

@: appendages
A: talons 2, horns 1, demonic magic 1
a: End Transformation


You were on level 3 of the Dungeon.
You had temporarily grown beastly talons.
You visited 1 branch of the dungeon, and saw 3 of its levels.

You collected 78 gold pieces.

Inventory:

Armour
 a - a +0 robe (worn)
Scrolls
 g - 3 scrolls of identify {unknown}
Potions
 b - 2 potions of lignification
 c - a potion of heal wounds {unknown}
 d - 2 potions of degeneration {unknown}
 e - a potion of curing {unknown}
 f - 2 potions of brilliance {unknown}


   Skills:
 + Level 1.6 Fighting
 + Level 2.2 Dodging
 + Level 3.0 Unarmed Combat
 + Level 2.3 Spellcasting
 + Level 2.1 Transmutations


You had 3 spell levels left.
You knew the following spells:

 Your Spells              Type           Power      Damage    Failure   Level
a - Beastly Appendage     Tmut           14%        N/A       10%         1
b - Wereblood             Tmut           7%         N/A       14%         2

Your spell library contained the following spells:

 Spells                   Type           Power      Damage    Failure   Level
 Spider Form              Tmut/Pois      4%         N/A       41%         3
 Ice Form                 Ice/Tmut       4%         N/A       82%         4


Dungeon Overview and Level Annotations

Branches:
Dungeon (3/15)

Altars:

Annotations:
D:2 Robin


Innate Abilities, Weirdness & Mutations

You have temporarily grown beastly talons.
You have a pair of small horns on your head.
Spells you cast may paralyse adjacent enemies.


Message History

You kill the goblin!
Your transformation is almost over.
The orc is no longer paralysed.
The orc hits you with a +0 whip.
You hit the orc but do no damage. You claw the orc, but do no damage.
The orc closely misses you.
You closely miss the orc. The orc hits you with a +0 whip.
You closely miss the orc. Your kick misses the orc. You headbutt the orc.
The orc is lightly wounded.
The orc hits you with a +0 whip.
You closely miss the orc.
The orc is lightly wounded.
The hobgoblin barely misses you. The orc hits you with a +0 whip.
You barely miss the orc. You claw the orc, but do no damage.
The orc is lightly wounded.
The hobgoblin hits you. The orc hits you with a +0 whip.
You hit the orc but do no damage. Your kick misses the orc.
The orc is lightly wounded.
The hobgoblin barely misses you. The orc closely misses you.
You hit the orc but do no damage. You claw the orc, but do no damage.
The orc is lightly wounded.
The hobgoblin hits you.
* * * LOW HITPOINT WARNING * * *
The orc barely misses you.
You barely miss the orc. You claw the orc, but do no damage.
You headbutt the orc, but do no damage.
The orc is lightly wounded.
The hobgoblin hits you.
* * * LOW HITPOINT WARNING * * *
The orc closely misses you.
You closely miss the orc.
The orc is lightly wounded.
The hobgoblin hits you.
* * * LOW HITPOINT WARNING * * *
Casting: Beastly Appendage (safe; 10% risk of failure)
Press: ? - help, Q - select action, (/) - cycle Dir - look around, f - activate You extend your transformation's duration.
Malevolent energies surge around you.
The orc suddenly stops moving!
The hobgoblin hits you.
You die...

# #+#####...
...###.)o......
#......@g.#
#.####)##.# #..
# .... ..$##
#..## #.# .?


You could see an orc (paralysed) and a hobgoblin.

Vanquished Creatures
  A dart slug (D:1)
  A ball python (D:1)
  5 bats (D:1)
  An endoplasm (D:1)
  A giant cockroach (D:1)
  8 goblins
  4 hobgoblins (D:1)
  2 jackals (D:1)
  A quokka (D:1)
  4 frilled lizards
  2 kobolds (D:1)
  6 rats (D:1)
36 creatures vanquished.

Notes
Turn   | Place    | Note
-------+----------+-------------------------------------------
     0 | D:1      | DeathPants the Demonspawn Transmuter began the quest for
                  | the Orb.
     0 | D:1      | Reached XP level 1. HP: 15/15 MP: 3/3
    86 | D:1      | Gained mutation: Spells you cast may paralyse adjacent
                  | enemies. [demonic ancestry]
    86 | D:1      | Reached XP level 2. HP: 21/21 MP: 3/5
   293 | D:1      | Learned a level 2 spell: Wereblood
   368 | D:1      | Mutation became permanent: You have a pair of small horns
                  | on your head. [demonic ancestry]
   368 | D:1      | Gained mutation: You have a pair of horns on your head.
                  | [demonic ancestry]
   368 | D:1      | Reached XP level 3. HP: 15/26 MP: 3/6
   596 | D:1      | Reached skill level 3 in Unarmed Combat
   839 | D:2      | Noticed Robin
   859 | D:3      | HP: 1/27 [hobgoblin (3)]
   860 | D:3      | Slain by a hobgoblin

Illustrated notes

Levels and vault maps discovered:
D:1:      heliophobic_arrival_henge, layout_basic, minmay_door_square
D:2:      layout_basic, minmay_fractal_squares_gapless_5, uniq_robin
D:3:      layout_basic, solitary_fountain, uniq_sigmund

Skill      XL: |  1  2  3 |
---------------+----------+-----
Dodging        | 2 |  2.2
Transmutations | 2 |  2.1
Unarmed Combat | 3 |  3.0
Fighting       | |  1.6
Spellcasting   | |  2.3

Action                     || total
---------------------------++-------
  Melee: Unarmed           ||   108
         Kick              ||    23
         Headbutt          ||    16
         Punch             ||     1
   Cast: Beastly Appendage ||    19
   Stab: Paralysed         ||     7
 Armour: Robe              ||    17
  Dodge: Dodged            ||    82

Table legend: (Time is in decaauts)
 A = Elapsed time spent in this place.
 B = Non-inter-level travel time spent in this place.
 C = Inter-level travel time spent in this place.
 D = Time resting spent in this place.
 E = Time spent auto-exploring this place.
 F = Levels seen in this place.
 G = Mean time per level.
                   A        B        C        D        E       F      G
               +--------+--------+--------+--------+--------+-----+--------+
         Total |    855 |    855 |      0 |      0 |    570 |   3 |  285.0 |
       Dungeon |    855 |    855 |      0 |      0 |    570 |   3 |  285.0 |
               +--------+--------+--------+--------+--------+-----+--------+

Top non-repeatable levels by time:
     D:1: 809 daAuts
     D:2: 32 daAuts
     D:3: 13 daAuts
